 Dungeon Crawl Stone Soup version 0.30-a0-782-ge64f9170bb (webtiles) character file.

Game seed: 3005572406246293308

196 Crownlay the Digger (level 5, -9/31 HPs)
             Began as an Octopode Earth Elementalist on Mar 5, 2023.
             Mangled by a gnoll sergeant
             ... wielding a +0 trident
              (14 damage)
             ... on level 3 of the Dungeon.
             The game lasted 00:03:38 (2829 turns).

Crownlay the Digger (Octopode Earth Elementalist)   Turns: 2829, Time: 00:03:38

Health: -9/31      AC:  1    Str:  7    XL:     5   Next: 75%
Magic:  0/8        EV: 13    Int: 20    God:
Gold:   123        SH:  0    Dex: 12    Spells: 4/8 levels left

rFire   . . .      SeeInvis .    i - +0 short sword (protect)
rCold   . . .      Faith    .    (no shield)
rNeg    . . .      Spirit   .    (helmet restricted)
rPois   .          Reflect  .    (no amulet)
rElec   .          Harm     .    (no ring)
rCorr   .          Rampage  .    (no ring)
Will    .....                    (no ring)
Stlth   +++                      (no ring)
HPRegen 0.25/turn                (no ring)
MPRegen 0.11/turn                (no ring)
                                 (no ring)
                                 (no ring)

@: no status effects
A: almost no armour, amphibious, 8 rings, camouflage 1, gelatinous body 1,
(nimble swimmer 1), tentacles
a: no special abilities


You were on level 3 of the Dungeon.
You visited 1 branch of the dungeon, and saw 3 of its levels.

You collected 123 gold pieces.

Inventory:

Hand Weapons
 i - a +0 short sword of protection (weapon)
Wands
 h - a wand of paralysis (6)
Scrolls
 c - 2 scrolls of poison {unknown}
 d - 2 scrolls of identify
 f - 2 scrolls of teleportation
Potions
 a - a potion of magic
 e - 2 potions of mutation
 g - 2 potions of heal wounds {unknown}


   Skills:
 - Level 2.0 Dodging
 - Level 2.6 Stealth
 - Level 2.0 Spellcasting
 - Level 1.0 Transmutations
 * Level 6.2 Earth Magic


You had 4 spell levels left.
You knew the following spells:

 Your Spells              Type           Power      Damage    Failure   Level
a - Sandblast             Erth           54%        2d13      1%          1
b - Stone Arrow           Conj/Erth      28%        3d8       13%         3

Your spell library contained the following spells:

 Spells                   Type           Power      Damage    Failure   Level
 Passwall                 Tmut/Erth      13%        N/A       5%          2
 Kiss of Death            Conj/Necr      8%         2d6       16%         1
 Petrify                  Tmut/Erth      16%        N/A       34%         4
 Confusing Touch          Hex            2%         N/A       43%         3
 Dispel Undead            Necr           2%         3d7       83%         4


Dungeon Overview and Level Annotations

Branches:
Dungeon (3/15)

Altars:

Shops:
D:1 ?


Innate Abilities, Weirdness & Mutations

You cannot wear most types of armour.
You are amphibious.
You can wear up to eight rings at the same time.
Your skin changes colour to match your surroundings (Stealth+).
Your rubbery body absorbs attacks. (AC +1, EV +1)
((You are camouflaged when in or above water. (Stealth+)))
You have tentacles for arms and can constrict up to eight enemies at once.


Message History

Found a hand axe.
The blast of sand hits the gnoll!
The gnoll is heavily wounded.
The gnoll shouts! x2
The blast of sand hits the gnoll!
You kill the gnoll!
The blast of sand hits the gnoll!!
You kill the gnoll!
You can't see any susceptible monsters within range! (Use Z to cast anyway.)
You can't see any susceptible monsters within range! (Use Z to cast anyway.)
The gnoll sergeant shouts!
Something unseen opens the door.
You sense a monster nearby.
Items here: )) ††.
A gnoll sergeant is nearby!
A gnoll sergeant is nearby!
The blast of sand hits the gnoll sergeant but does no damage.
The gnoll sergeant hits you from afar with a +0 trident!
The blast of sand hits the gnoll sergeant.
The gnoll sergeant is lightly wounded.
The gnoll sergeant completely misses you.
The gnoll sergeant hits you from afar with a +0 trident!
Casting: Sandblast (safe; 1% risk of failure)
Confirm with . or Enter, or press ? or * to list all spells.
Aiming: Stone Arrow (quite dangerous; 13% risk of failure)
Press: ? - help, Shift-Dir - straight line, f/p - gnoll sergeant
Aim: a gnoll sergeant, wielding a +0 trident and wearing a +0 ring mail (lightly wounded, 77% to hit)
The stone arrow hits the gnoll sergeant.
The gnoll sergeant is lightly wounded.
The gnoll sergeant hits you from afar with a +0 trident.
* * * LOW HITPOINT WARNING * * *
Casting: Stone Arrow (quite dangerous; 13% risk of failure)
Confirm with . or Enter, or press ? or * to list all spells.
Aiming: Stone Arrow (quite dangerous; 13% risk of failure)
Press: ? - help, Shift-Dir - straight line, f/p - gnoll sergeant
Aim: a gnoll sergeant, wielding a +0 trident and wearing a +0 ring mail (lightly wounded, 77% to hit)
The stone arrow hits the gnoll sergeant!
The gnoll sergeant is severely wounded.
The gnoll sergeant hits you from afar with a +0 trident!
You die...

........##.##. ###
###....##...#' ###.###
#.#.'.....'
♣#..)..#♣♣#...##...##
#.....#)♣#....##.##.
♣. ..... .♣#.....###.†
♣.###g###.♣#......#...
♣)........♣#......'..♣
♣...@♣..♣ #.....##...
♣♣.♣.))♣ ####.####..
♣.....♣ #.....# ##.
♣♣...♣♣ #.###..#####
♣)..♣ #..##..' ♣♣.♣♣
#..##### ♣.♣### #..#
#.
###.##.######..####.
#......##...........


You could see a gnoll sergeant.

Vanquished Creatures
  A scorpion (D:3)
  An iguana (D:3)
  2 adders
  2 gnolls (D:3)
  A worm (D:3)
  2 dart slugs (D:1)
  An orc (D:3)
  8 endoplasms
  3 giant cockroaches
  11 goblins
  3 hobgoblins
  6 jackals (D:1)
  A quokka (D:3)
  10 ball pythons
  3 bats
  3 frilled lizards
  6 kobolds
  5 rats
69 creatures vanquished.

Vanquished Creatures (others)
  A plant (D:2)
1 creature vanquished.

Grand Total: 70 creatures vanquished

Notes
Turn   | Place    | Note
-------+----------+-------------------------------------------
     0 | D:1      | Crownlay the Octopode Earth Elementalist began the quest
                  | for the Orb.
     0 | D:1      | Reached XP level 1. HP: 11/11 MP: 3/3
   207 | D:1      | Reached XP level 2. HP: 17/17 MP: 3/5
   543 | D:1      | Reached skill level 4 in Earth Magic
   689 | D:1      | Reached XP level 3. HP: 21/21 MP: 3/6
   816 | D:1      | Found The Oracle's Delphic Readings.
  1390 | D:2      | Reached XP level 4. HP: 27/27 MP: 5/7
  1837 | D:2      | Learned a level 3 spell: Stone Arrow
  1926 | D:3      | Noticed a scorpion
  1956 | D:3      | Killed a scorpion
  1957 | D:3      | Reached skill level 5 in Earth Magic
  1957 | D:3      | Reached XP level 5. HP: 6/31 MP: 0/8
  2459 | D:3      | Reached skill level 6 in Earth Magic
  2823 | D:3      | Found the +5 woodcutter's axe
  2829 | D:3      | Mangled by a gnoll sergeant

Illustrated notes

Levels and vault maps discovered:
D:1:      matt_arrival_diagonals, layout_loops_ring, nicolae_nh_oracle_at_delphi
D:2:      layout_rooms, serial_forest, infiniplex_forest_lined_room_2,
          infiniplex_forest_straight_5, infiniplex_forest_clump_C,
          infiniplex_forest_clump_double, infiniplex_forest_straight_4,
          infiniplex_forest_clump_C, infiniplex_forest_clump_double
D:3:      layout_basic, nicolae_hexahallways, pf_guarded_unrand_woodcutter

Skill      XL: |  1  2  3  4  5 |
---------------+----------------+-----
Earth Magic    | 4 5 6 |  6.2
Dodging        | |  2.0
Stealth        | |  2.6
Spellcasting   | |  2.0
Transmutations | |  1.0

Action                     |  1- 3 |  4- 6 || total
---------------------------+-------+-------++-------
  Melee: Unarmed           |     5 |       ||     5
         Constrict         |     1 |       ||     1
         Tentacles         |     1 |       ||     1
         Spear             |       |     1 ||     1
   Cast: Sandblast         |    51 |    37 ||    88
         Stone Arrow       |       |     3 ||     3
    Use: Scroll            |       |     3 ||     3
         Potion            |       |     2 ||     2
 Armour: Skin              |     1 |       ||     1
  Dodge: Dodged            |     8 |    14 ||    22

Table legend: (Time is in decaauts)
 A = Elapsed time spent in this place.
 B = Non-inter-level travel time spent in this place.
 C = Inter-level travel time spent in this place.
 D = Time resting spent in this place.
 E = Time spent auto-exploring this place.
 F = Levels seen in this place.
 G = Mean time per level.
                   A        B        C        D        E       F      G
               +--------+--------+--------+--------+--------+-----+--------+
         Total |   2871 |   2812 |     59 |      0 |   2458 |   3 |  957.0 |
       Dungeon |   2871 |   2812 |     59 |      0 |   2458 |   3 |  957.0 |
               +--------+--------+--------+--------+--------+-----+--------+

Top non-repeatable levels by time:
     D:1: 1220 daAuts
     D:3: 969 daAuts
     D:2: 681 daAuts
